[Event "45th FIDE Olympiad 2024"]
[Site "Budapest"]
[Date "2024.09.18"]
[Round "7"]
[White "Mtsetfwa, Philani"]
[Black "Mendez Ramirez, Victor"]
[Result "0-1"]
[WhiteElo "1688"]
[BlackElo "2191"]
[PlyCount "36"]
[EventDate "2024.09.05"]
[EventType "team-tourn"]
[EventCountry "HUN"]
[WhiteTeam "Eswatini"]
[BlackTeam "Dominican Republic"]
[BlackTeamCountry "DOM"]
[TimeControl "40/5400+30:1800+30"]

1. e4 c5 2. Nf3 g6 3. d4 cxd4 4. Nxd4 Nc6 5. c4 Nf6 6. Nc3 d6 7. Be3 Ng4 8. Bg5 Qb6 9. Nd5 Qxd4 10. Qxd4 Nxd4 11. Nc7+ Kd8 12. Nxa8 Nc2+ 13. Kd2 Nxa1 14. f3 Bh6 15. Bxh6 Nxh6 16. c5 dxc5 17. Bb5 Bd7 18. Bc4 Kc8 {0-} 0-1

[Event "45th FIDE Olympiad 2024"]
[Site "Budapest"]
[Date "2024.09.18"]
[Round "7.1"]
[White "Gukesh, D."]
[Black "Wei, Yi"]
[Result "1-0"]
[ECO "B50"]
[WhiteElo "2764"]
[BlackElo "2762"]
[Annotator "RC"]
[PlyCount "159"]
[EventDate "2024.09.05"]
[EventType "team-tourn"]
[EventCountry "HUN"]
[SourceTitle "playchess.com"]
[Source "ChessBase"]
[SourceQuality "1"]
[WhiteTeam "India"]
[BlackTeam "China"]
[WhiteTeamCountry "IND"]
[BlackTeamCountry "CHN"]
[TimeControl "40/5400+30:1800+30"]

1. e4 c5 2. Nf3 d6 3. Nc3 Nf6 4. Be2 e5 5. Bc4 Be7 6. d3 Nc6 7. Bg5 O-O 8. Bxf6 Bxf6 9. Nd5 Be6 10. Qd2 a6 11. O-O b5 12. Bb3 Kh8 13. a3 Rb8 14. h3 g6 15. c3 Bg7 16. Ba2 f5 17. Ng5 Bg8 18. exf5 gxf5 19. f4 c4 20. dxc4 bxc4 21. Bxc4 exf4 22. Nf3 Na5 23. Ba2 Nb3 24. Bxb3 Rxb3 25. Nxf4 Qb6+ 26. Rf2 Rb8 27. Rd1 Rxb2 28. Qxb2 Qxb2 29. Rxb2 Rxb2 30. Rxd6 a5 31. Rd8 Bxc3 32. Nd5 Rb1+ 33. Kf2 Rd1 34. Rxg8+ Kxg8 35. Nxc3 Rc1 36. Nb5 Rc2+ 37. Kf1 Kf7 38. Nfd4 Rc1+ 39. Ke2 Kf6 40. Nd6 Rc3 41. N6b5 Rc1 42. Ke3 Rg1 43. Kf2 Rc1 44. Ne2 Rb1 45. Nbc3 Rb3 46. a4 Ke5 47. g3 Rb6 48. Ke3 Rb4 49. Kd3 h6 50. Ke3 Rb3 51. Kd3 Rb4 52. Ng1 Rb8 53. Nf3+ Kf6 54. Nd4 Rd8 55. Ke3 Rc8 56. Kd3 Rd8 57. Nce2 Rb8 58. Nf4 Rb1 59. Nd5+ Ke5 60. Nc3 Rh1 61. Nf3+ Kd6 62. h4 Rh3 63. Ne2 f4 64. Nfg1 Rh1 65. gxf4 Rxh4 66. Nf3 Rh1 67. f5 h5 68. Nc3 h4 69. Ne4+ Kd7 70. Ne5+ Kd8 71. f6 h3 72. f7 Rf1 73. Ng5 h2 74. Ngf3 Ke7 75. Nxh2 Ra1 76. Nhg4 Ra3+ 77. Kd2 Rxa4 78. Nh6 Ra2+ 79. Ke3 Ra3+ 80. Ke4 1-0

[Event "45th FIDE Olympiad 2024"]
[Site "Budapest"]
[Date "2024.09.18"]
[Round "7.1"]
[White "De Mey, Juan Pablo"]
[Black "Pg, Md Omar Ak Hafizon"]
[Result "1/2-1/2"]
[WhiteElo "1992"]
[BlackElo "2159"]
[PlyCount "93"]
[EventDate "2024.09.05"]
[EventType "team-tourn"]
[EventCountry "HUN"]
[WhiteTeam "Aruba"]
[BlackTeam "Brunei Darussalam"]
[WhiteTeamCountry "ARN"]
[TimeControl "40/5400+30:1800+30"]

1. e4 c5 2. Nf3 e6 3. d4 cxd4 4. Nxd4 Nc6 5. Nc3 a6 6. a3 d6 7. g4 h6 8. Be3 Nf6 9. Rg1 Bd7 10. Be2 Rc8 11. h4 h5 12. g5 Ng4 13. Nxc6 Rxc6 14. Bxg4 hxg4 15. Qxg4 g6 16. Bd2 Bg7 17. Qg3 b5 18. Rf1 Qb8 19. e5 b4 20. axb4 Qxb4 21. f4 dxe5 22. O-O-O Rb6 23. b3 Qa3+ 24. Kb1 e4 25. Bc1 Qa5 26. Bb2 Bc6 27. h5 Rxh5 28. Rfe1 Qf5 29. Qe3 Rb7 30. Nxe4 Bxe4 31. Qxe4 Qxe4 32. Rxe4 Bxb2 33. Kxb2 Rh2 34. Rc4 Rf2 35. Rd6 Ra7 36. b4 Ke7 37. Rb6 Rd2 38. Rcc6 Rd4 39. Kb3 a5 40. bxa5 Rxa5 41. Rc7+ Rd7 42. Rxd7+ Kxd7 43. Rb7+ Ke8 44. Rb8+ Ke7 45. Rb7+ Ke8 46. Rb8+ Ke7 47. Rb7+ 1/2-1/2

[Event "45th FIDE Olympiad 2024"]
[Site "Budapest"]
[Date "2024.09.18"]
[Round "7.2"]
[White "Yu, Yangyi"]
[Black "Praggnanandhaa, R."]
[Result "1/2-1/2"]
[ECO "D28"]
[WhiteElo "2703"]
[BlackElo "2750"]
[Annotator "TA"]
[PlyCount "34"]
[EventDate "2024.09.05"]
[EventType "team-tourn"]
[EventCountry "HUN"]
[SourceTitle "playchess.com"]
[Source "ChessBase"]
[SourceQuality "1"]
[WhiteTeam "China"]
[BlackTeam "India"]
[WhiteTeamCountry "CHN"]
[BlackTeamCountry "IND"]
[TimeControl "40/5400+30:1800+30"]

1. d4 d5 2. c4 dxc4 3. Nf3 Nf6 4. e3 e6 5. Bxc4 c5 6. O-O Nc6 7. Qe2 a6 8. Rd1 b5 9. dxc5 Qc7 10. Bd3 Bxc5 11. a4 bxa4 12. Rxa4 O-O 13. Bd2 {[%emt 0:01:15][%cal Oa4c4] Dodges Nb4} Bb7 14. Rc1 Qd6 15. Rd1 Qc7 {[%emt 0:12:43] Inhibits b4.} 16. Rc1 Qd6 17. Rd1 Qc7 {[%emt 0:08:22] Repels b4. A rather calm draw.   Weighted Error Value: White=0.13 (very precise) /Black=0.00 (flawless) .  OK:         	White=2     	Black=4} 1/2-1/2

[Event "45th FIDE Olympiad 2024"]
[Site "Budapest"]
[Date "2024.09.18"]
[Round "7.2"]
[White "Lim Teck Guan, Rodney"]
[Black "Stetsenko, Ilya"]
[Result "1-0"]
[WhiteElo "1931"]
[BlackElo "1903"]
[PlyCount "96"]
[EventDate "2024.09.05"]
[EventType "team-tourn"]
[EventCountry "HUN"]
[WhiteTeam "Brunei Darussalam"]
[BlackTeam "Aruba"]
[BlackTeamCountry "ARN"]
[TimeControl "40/5400+30:1800+30"]

1. d4 Nf6 2. c4 e6 3. Nc3 Bb4 4. Nf3 b6 5. g3 Bxc3+ 6. bxc3 Bb7 7. Bg2 O-O 8. O-O d6 9. Bg5 Nbd7 10. Re1 Qe7 11. Nd2 Bxg2 12. Kxg2 e5 13. e4 h6 14. Bxf6 Qxf6 15. Qf3 Qxf3+ 16. Nxf3 Rae8 17. Re2 g5 18. h4 g4 19. Nh2 h5 20. f3 f5 21. Rae1 f4 22. Rf2 Nf6 23. d5 Kh8 24. fxg4 Nxg4 25. Nxg4 hxg4 26. Ref1 f3+ 27. Kg1 Rc8 28. c5 bxc5 29. Rb2 Rb8 30. Rff2 Rb6 31. Rxb6 cxb6 32. c4 Rb8 33. a4 a6 34. Rb2 b5 35. Kf2 Kg7 36. Ke3 Kf7 37. axb5 axb5 38. cxb5 c4 39. Kd2 Ke7 40. Kc3 Rf8 41. Rf2 Rc8 42. b6 Kd7 43. Ra2 Rb8 44. Ra7+ Kd8 45. h5 Rxb6 46. h6 Rb3+ 47. Kc2 Rb1 48. Kxb1 f2 1-0

[Event "45th FIDE Olympiad 2024"]
[Site "Budapest"]
[Date "2024.09.18"]
[Round "7.3"]
[White "Erigaisi, Arjun"]
[Black "Bu, Xiangzhi"]
[Result "1/2-1/2"]
[ECO "C42"]
[WhiteElo "2778"]
[BlackElo "2693"]
[Annotator "TA"]
[PlyCount "52"]
[EventDate "2024.09.05"]
[EventType "team-tourn"]
[EventCountry "HUN"]
[SourceTitle "playchess.com"]
[Source "ChessBase"]
[SourceQuality "1"]
[WhiteTeam "India"]
[BlackTeam "China"]
[WhiteTeamCountry "IND"]
[BlackTeamCountry "CHN"]
[TimeControl "40/5400+30:1800+30"]

1. e4 e5 2. Nf3 Nf6 3. Nxe5 d6 4. Nf3 Nxe4 5. Nc3 Nxc3 6. dxc3 Be7 7. Be3 O-O 8. Qd2 Nd7 9. O-O-O Nf6 10. Bd3 Re8 11. h3 Bd7 12. Rhe1 c5 13. Bg5 h6 14. Bxf6 Bxf6 15. Be4 Qa5 16. a3 (16. Qxd6 Rad8 17. a3 (17. Bxb7 $2 Rxe1 18. Rxe1 Bc8 $19) 17... Be6 $17) (16. Bxb7 Qxa2 17. Qd5 Qa1+ 18. Kd2 Qxb2 $19) 16... Rab8 17. Qf4 (17. Qxd6 $14 Be6 18. Rd3) 17... b5 $11 {[%emt 0:20:05] [#] White must now prevent ...b4. The position is equal.} 18. Rxd6 b4 $1 19. Rxf6 (19. Rxd7 bxa3 20. b4 (20. bxa3 $2 Qxc3 21. Kd1 Rb1+ 22. Ke2 Qc4+ 23. Kd2 Bc3+ 24. Ke3 Bxe1 $19) 20... Qa4 $19) 19... bxc3 (19... gxf6 20. Qxh6 Rxe4 (20... bxa3 21. Bh7+ Kh8 22. Bg6+ Kg8 23. Qh7+ Kf8 24. Qxf7#) 21. Rxe4 bxa3 22. bxa3 (22. Qxf6 $2 axb2+ 23. Kd2 Qd8 $19) 22... Qxc3 23. Qf4 Qxa3+ 24. Kd2 Qa5+ 25. Ke2 Qa6+ 26. c4 Rb2+ 27. Nd2) 20. bxc3 Qxc3 (20... Qxa3+ 21. Kd2 gxf6 22. Qxh6 Rxe4 23. Rxe4 $14) 21. Rd6 Qxa3+ 22. Kd2 Qa5+ $1 23. Kc1 Qa1+ 24. Kd2 Qa5+ 25. Kc1 Qa1+ 26. Kd2 Qa5+ {[%emt 0:00:24] An uneventful encounter.   Weighted Error Value: White=0.06 (flawless) /Black=0.03 (flawless) .  Mistake:       	White=1     	---        Inaccurate:     	---       	Black=1      OK:         	White=5     	Black=6      Best:        	White=2     	Black=3      Strong:       	---       	Black=2} 1/2-1/2

[Event "45th FIDE Olympiad 2024"]
[Site "Budapest"]
[Date "2024.09.18"]
[Round "7.3"]
[White "Croes, Octavio"]
[Black "Pg. Shahridin, Ak. Abdul Wafie"]
[Result "0-1"]
[WhiteElo "1850"]
[BlackElo "1912"]
[PlyCount "58"]
[EventDate "2024.09.05"]
[EventType "team-tourn"]
[EventCountry "HUN"]
[WhiteTeam "Aruba"]
[BlackTeam "Brunei Darussalam"]
[WhiteTeamCountry "ARN"]
[TimeControl "40/5400+30:1800+30"]

1. d4 f5 2. c4 e6 3. g3 Nf6 4. Bg2 d5 5. Nf3 c6 6. O-O Bd6 7. b3 O-O 8. Bb2 Qe7 9. Nbd2 Nbd7 10. Ne5 Ne4 11. Nxe4 fxe4 12. f3 Nxe5 13. dxe5 Bc5+ 14. Bd4 exf3 15. exf3 Bd7 16. cxd5 cxd5 17. f4 g6 18. Rc1 Rac8 19. h3 Bxd4+ 20. Qxd4 Qa3 21. Qd2 Bb5 22. Rxc8 Rxc8 23. Bxd5 Qc5+ 24. Rf2 Qxd5 25. Qxd5 exd5 26. g4 d4 27. f5 d3 28. e6 Rc1+ 29. Kh2 Rc2 {0-} 0-1

[Event "45th FIDE Olympiad 2024"]
[Site "Budapest"]
[Date "2024.09.18"]
[Round "7.4"]
[White "Wang, Yue"]
[Black "Harikrishna, Pentala"]
[Result "1/2-1/2"]
[ECO "C54"]
[WhiteElo "2637"]
[BlackElo "2686"]
[Annotator "TA"]
[PlyCount "111"]
[EventDate "2024.09.05"]
[EventType "team-tourn"]
[EventCountry "HUN"]
[SourceTitle "playchess.com"]
[Source "ChessBase"]
[SourceQuality "1"]
[WhiteTeam "China"]
[BlackTeam "India"]
[WhiteTeamCountry "CHN"]
[BlackTeamCountry "IND"]
[TimeControl "40/5400+30:1800+30"]

1. e4 e5 2. Nf3 Nc6 3. Bc4 Bc5 4. O-O Nf6 5. d3 d6 6. c3 a6 7. a4 Ba7 8. Nbd2 O-O 9. h3 Ne7 10. Re1 Ng6 {[%emt 0:07:23] C54: Giuoco Piano: 4 c3 Nf6, main lines with 5 d4 and 5 d3.} 11. d4 h6 12. Bb3 Re8 13. Bc2 b5 $1 {[%emt 0:07:15][%mdl 4] is currently scoring better than 13...Bd7.} 14. Nf1 Bd7 15. Ng3 c5 16. axb5 axb5 17. Be3 Qc7 18. dxe5 $146 ({Predecessor:} 18. Bd3 Bb6 19. Rxa8 Rxa8 20. Nf5 Re8 21. Qb1 exd4 22. cxd4 c4 23. Bc2 b4 24. Bxh6 gxh6 {½-½ Quesada Perez,Y (2593)-Antipov,M (2609) Pan American Intercollegiate-chT rapid 2021 (9)}) 18... dxe5 19. Nf5 Bxf5 20. exf5 Ne7 21. Nd2 Ned5 22. Be4 Nxe3 23. Rxe3 Rad8 24. Qc2 c4 25. Ree1 Rd6 26. Nf3 Red8 27. Rf1 Nd7 28. Rae1 (28. Rfd1 $11 Nf6 29. Re1 (29. Rxd6 Rxd6 30. Rf1 Bb6 $15)) 28... Nc5 $17 29. Re2 Nd3 ({Black should try} 29... f6 $17 {[%cal Od6d3] ...Rd3! is the strong threat.} 30. Ree1 Qb6) 30. g3 Qb6 (30... Nc5 $15) 31. Kg2 $11 b4 32. cxb4 Qxb4 33. Qc3 Qc5 34. Bxd3 cxd3 35. Qxc5 Bxc5 36. Rxe5 Bd4 37. Nxd4 Rxd4 38. Rb5 Rc4 39. Rd1 Rc2 40. Kf3 g6 41. fxg6 fxg6 42. Rb7 Rf8+ 43. Ke3 Rcxf2 44. Rxd3 R2f3+ 45. Ke4 Rxd3 46. Kxd3 Rf3+ 47. Kc4 Rxg3 48. b4 Rxh3 49. b5 Rh1 50. Rd7 Rb1 51. Kc5 Rc1+ 52. Kd6 Rb1 53. Kc5 Rc1+ 54. Kd6 Rb1 55. Kc6 Rc1+ 56. Kd6 1/2-1/2

[Event "45th FIDE Olympiad 2024"]
[Site "Budapest"]
[Date "2024.09.18"]
[Round "7.4"]
[White "Akmal, Ahmad"]
[Black "Pesqueira, Jose"]
[Result "1-0"]
[WhiteElo "1830"]
[BlackElo "1880"]
[Annotator "COMBH"]
[PlyCount "65"]
[EventDate "2024.09.05"]
[EventType "team-tourn"]
[EventCountry "HUN"]
[WhiteTeam "Brunei Darussalam"]
[BlackTeam "Aruba"]
[BlackTeamCountry "ARN"]
[TimeControl "40/5400+30:1800+30"]

1. e4 c5 2. c3 d5 3. exd5 Qxd5 4. d4 Nf6 5. Nf3 Bg4 6. Be2 e6 7. O-O Be7 8. Na3 O-O 9. Nb5 Na6 10. Be3 cxd4 11. Nbxd4 e5 12. Nb3 Qxd1 13. Raxd1 Rfd8 14. h3 Bxf3 15. Bxf3 e4 16. Be2 Nc7 17. Nd4 g6 18. Bc4 Ncd5 19. Bc1 Rac8 20. Bb3 a6 21. Rfe1 b5 22. g4 b4 23. g5 Nh5 24. Rxe4 Bf8 25. Nf3 Ne7 26. Rxd8 Rxd8 27. Ne5 Nd5 28. Rd4 Bg7 29. Bxd5 Rf8 30. f4 Ng3 31. Kf2 Nf5 32. Rxb4 Nd6 33. Rb6 1-0

[Event "45th FIDE Olympiad 2024"]
[Site "Budapest"]
[Date "2024.09.18"]
[Round "7.5"]
[White "Stremavicius, Titas"]
[Black "Rapport, Richard"]
[Result "1/2-1/2"]
[ECO "A46"]
[WhiteElo "2527"]
[BlackElo "2715"]
[Annotator "TA"]
[PlyCount "76"]
[EventDate "2024.09.05"]
[EventType "team-tourn"]
[EventCountry "HUN"]
[SourceTitle "playchess.com"]
[Source "ChessBase"]
[SourceQuality "1"]
[WhiteTeam "Lithuania"]
[BlackTeam "Hungary"]
[WhiteTeamCountry "LTU"]
[BlackTeamCountry "HUN"]
[TimeControl "40/5400+30:1800+30"]

1. d4 Nf6 2. Nf3 d6 3. Nc3 Bf5 4. Nh4 Bd7 5. Nf3 d5 6. Qd3 e6 7. e4 dxe4 8. Nxe4 {[%emt 0:00:05] The position is equal.} Nxe4 9. Qxe4 Bc6 10. Qd3 Nd7 11. Be2 h6 12. O-O Bd6 13. Re1 Qf6 14. b3 O-O-O 15. Bb2 $1 Qf4 16. g3 (16. Bd1 $5) 16... Qe4 17. Qxe4 Bxe4 18. Rac1 Rhe8 19. Nd2 Bg6 20. Nc4 Bb4 21. Red1 Be4 22. a3 Be7 23. Re1 g6 {[%emt 0:03:32] Prevents Bh5.} 24. Bf1 Bf3 25. Nd2 Bc6 26. Nc4 Bf6 27. Rcd1 Bf3 28. Be2 Bxe2 29. Rxe2 Nb8 30. Rd3 Bg7 31. Rf3 Re7 32. c3 Nc6 33. a4 Rd5 34. b4 a6 35. Ne3 {[%emt 0:00:26] White is slightly better.} Rdd7 36. b5 $1 Na7 37. bxa6 bxa6 38. Ba3 Re8 {[%emt 0:00:06] Weighted Error Value: White=0.06 (flawless) /Black=0.08 (flawless) .  Inaccurate:     	White=2     	Black=3      OK:         	White=10    	Black=12     Best:        	White=1     	Black=1      Strong:       	White=2     	---} 1/2-1/2

[Event "45th FIDE Olympiad 2024"]
[Site "Budapest"]
[Date "2024.09.18"]
[Round "7.5"]
[White "D`amico, Nicola"]
[Black "Mwale, Joseph"]
[Result "0-1"]
[WhiteElo "1801"]
[BlackElo "2063"]
[PlyCount "36"]
[EventDate "2024.09.05"]
[EventType "team-tourn"]
[EventCountry "HUN"]
[WhiteTeam "San Marino"]
[BlackTeam "Malawi"]
[WhiteTeamCountry "SMR"]
[BlackTeamCountry "MWI"]
[TimeControl "40/5400+30:1800+30"]

1. e4 e5 2. Nf3 Nc6 3. Bc4 Nf6 4. d3 Bc5 5. O-O d6 6. c3 h6 7. Nbd2 g5 8. b4 Bb6 9. a4 a6 10. Ra3 g4 11. Ne1 h5 12. Kh1 h4 13. f4 g3 14. b5 h3 15. bxc6 hxg2+ 16. Kxg2 Rxh2+ 17. Kxg3 Nh5+ 18. Kf3 Bg4+ {0-} 0-1

[Event "45th FIDE Olympiad 2024"]
[Site "Budapest"]
[Date "2024.09.18"]
[Round "7.6"]
[White "Leko, Peter"]
[Black "Pultinevicius, Paulius"]
[Result "1-0"]
[ECO "B30"]
[WhiteElo "2666"]
[BlackElo "2587"]
[Annotator "TA"]
[PlyCount "45"]
[EventDate "2024.09.05"]
[EventType "team-tourn"]
[EventCountry "HUN"]
[SourceTitle "playchess.com"]
[Source "ChessBase"]
[SourceQuality "1"]
[WhiteTeam "Hungary"]
[BlackTeam "Lithuania"]
[WhiteTeamCountry "HUN"]
[BlackTeamCountry "LTU"]
[TimeControl "40/5400+30:1800+30"]

1. e4 c5 2. Nf3 Nc6 3. Bb5 e6 4. Bxc6 bxc6 5. b3 Ne7 6. Bb2 d6 7. e5 d5 8. d3 {[%emt 0:03:47][%cal Bd2d3,Bd3d4][%mdl 32] The position is equal.} Qb6 (8... Qa5+ $11 9. Qd2 Qc7) 9. Nc3 Ng6 10. O-O c4 11. Na4 Qc7 12. d4 ({Much worse is} 12. bxc4 Ba6 $11) 12... Ba6 13. Re1 c5 {[%emt 0:06:13] [#]} ({Black should play} 13... h6 $14) 14. Nxc5 $1 $16 Bxc5 15. dxc5 Qxc5 16. a4 d4 17. Ba3 $18 ({Much less strong is} 17. Bxd4 $6 Qa5 $16) ({Don't play} 17. Qxd4 Qxd4 18. Nxd4 cxb3) 17... Qd5 18. Qxd4 Qxd4 19. Nxd4 cxb3 20. Nxb3 O-O-O $2 {[%emt 0:04:41] [#]} (20... h5 {is tougher.} 21. h3 h4) 21. Bd6 {[%emt 0:03:23] White is clearly winning.} f6 22. Nc5 fxe5 23. Red1 {[%emt 0:00:23] Weighted Error Value: White=0.07 (flawless) /Black=0.38.  Mistake:       	---       	Black=4      Inaccurate:     	---       	Black=1      OK:         	White=3     	Black=5      Best:        	White=4     	Black=1      Strong:       	White=1     	---} 1-0

[Event "45th FIDE Olympiad 2024"]
[Site "Budapest"]
[Date "2024.09.18"]
[Round "7.6"]
[White "Chipanga, Chiletso"]
[Black "Righi, Ezio"]
[Result "1-0"]
[WhiteElo "2089"]
[BlackElo "1909"]
[PlyCount "57"]
[EventDate "2024.09.05"]
[EventType "team-tourn"]
[EventCountry "HUN"]
[WhiteTeam "Malawi"]
[BlackTeam "San Marino"]
[WhiteTeamCountry "MWI"]
[BlackTeamCountry "SMR"]
[TimeControl "40/5400+30:1800+30"]

1. e4 c5 2. Nf3 e6 3. d4 cxd4 4. Nxd4 a6 5. c4 Nf6 6. Nc3 Bb4 7. Bd3 Nc6 8. Nxc6 bxc6 9. O-O d6 10. Ne2 Qc7 11. Ng3 O-O 12. Bg5 Nd7 13. Qh5 g6 14. Qh4 f6 15. Bh6 Rf7 16. f4 Bc5+ 17. Kh1 Rb8 18. Rab1 Bd4 19. b4 c5 20. Ne2 Be3 21. Qh3 Bd2 22. f5 Bxh6 23. fxe6 Ne5 24. exf7+ Nxf7 25. Qg3 Ne5 26. Nc3 Bg7 27. Nd5 Qf7 28. bxc5 Rxb1 29. Rxb1 1-0

[Event "45th FIDE Olympiad 2024"]
[Site "Budapest"]
[Date "2024.09.18"]
[Round "7.7"]
[White "Kazakouski, Valery"]
[Black "Berkes, Ferenc"]
[Result "1/2-1/2"]
[ECO "A11"]
[WhiteElo "2577"]
[BlackElo "2605"]
[Annotator "TA"]
[PlyCount "137"]
[EventDate "2024.09.05"]
[EventType "team-tourn"]
[EventCountry "HUN"]
[SourceTitle "playchess.com"]
[Source "ChessBase"]
[SourceQuality "1"]
[WhiteTeam "Lithuania"]
[BlackTeam "Hungary"]
[WhiteTeamCountry "LTU"]
[BlackTeamCountry "HUN"]
[TimeControl "40/5400+30:1800+30"]

1. c4 c6 2. Nf3 d5 3. g3 g6 4. Qa4 e6 5. Bg2 Bg7 6. O-O {[%emt 0:00:47] A11: English Opening: 1...c6.} Nf6 7. d3 O-O 8. Qc2 Re8 9. Bf4 Nbd7 10. cxd5 exd5 11. Nc3 Nc5 12. b4 $146 ({Predecessor:} 12. Be5 Bg4 13. Rfe1 Bxf3 14. Bxf6 Qxf6 15. Bxf3 Ne6 16. Bg2 h5 17. Qa4 a5 18. Rac1 {0-1 Valdes Romero,L (2391)-Van Wely,L (2686) San Sebastian KO GpB 2011 (5)}) 12... Ne6 13. Be5 Bf8 14. Rab1 Ng4 15. e3 Nxe5 16. Nxe5 d4 17. Ne4 Nc7 18. Nc4 Rb8 19. a3 a6 20. Ned2 dxe3 21. fxe3 Nd5 22. e4 Nb6 23. Na5 Bg7 24. Ndb3 Na4 25. Kh1 Nc3 26. Rbe1 Nb5 27. Qf2 Re7 28. d4 Nxa3 29. e5 Be6 30. Nc5 Bd5 31. Re3 Nb5 32. Nab3 Nxd4 33. Nxd4 Bxg2+ 34. Kxg2 Qxd4 35. e6 Qd5+ 36. Kh3 fxe6 37. Qe2 Rbe8 38. Rff3 $2 (38. Rd1 {was worth a try.} Qf5+ 39. Kg2) 38... a5 $19 39. Rd3 Qh5+ 40. Kg2 axb4 41. Qc2 Qe5 42. Qc4 Ra8 43. h4 h6 44. Rd2 b5 45. Qxb4 Rf8 46. Nd3 {[%emt 0:01:45] [#]} c5 $2 ({Better is} 46... Qc7 $1 $19 {Hoping for ...Rxf3.} 47. Nf4 (47. Rxf8+ Bxf8) 47... Ree8) 47. Nxe5 $11 cxb4 48. Nxg6 Rxf3 49. Nxe7+ Kf7 50. Kxf3 Kxe7 51. Rd3 Bc3 52. Ke4 Be1 53. Re3 Bd2 54. Rf3 (54. Re2 $5 Bc3 $8 55. Kd3 $14) 54... Bc3 55. g4 Bf6 56. Rh3 b3 (56... Kd6 $11) 57. Rxb3 $16 Bxh4 58. Rxb5 Kf6 59. Rb8 (59. Kf3 $16) 59... Bg3 {[%emt 0:00:25] [#]} (59... Kg5 $14) 60. Rf8+ (60. Rb3 $1 $16 Bh4 61. Rb2) 60... Kg6 $14 61. Rf3 Bc7 {[%emt 0:00:52] [#]} (61... Bh4 $11) 62. Rh3 $1 $16 Kg5 63. Kf3 Bd6 64. Rh5+ Kg6 65. Ke4 Bg3 66. Kd4 Bd6 67. Kc4 Bf4 68. Kc5 Kf6 69. Kd4 1/2-1/2

[Event "45th FIDE Olympiad 2024"]
[Site "Budapest"]
[Date "2024.09.18"]
[Round "7.7"]
[White "Volpinari, Danilo"]
[Black "Kamwendo, Precious"]
[Result "1-0"]
[WhiteElo "1939"]
[BlackElo "2001"]
[PlyCount "105"]
[EventDate "2024.09.05"]
[EventType "team-tourn"]
[EventCountry "HUN"]
[WhiteTeam "San Marino"]
[BlackTeam "Malawi"]
[WhiteTeamCountry "SMR"]
[BlackTeamCountry "MWI"]
[TimeControl "40/5400+30:1800+30"]

1. e4 e5 2. Nf3 Nf6 3. Nxe5 d6 4. Nf3 Nxe4 5. Nc3 Nxc3 6. dxc3 Be7 7. Be3 O-O 8. Qd2 Nc6 9. O-O-O Be6 10. Kb1 Ne5 11. Nd4 Nc4 12. Qe2 Nxe3 13. Qxe3 Bd7 14. Bd3 g6 15. h4 Kg7 16. h5 Rh8 17. Rh2 Bf6 18. h6+ Kf8 19. Re1 a5 20. Rhh1 a4 21. a3 Ra5 22. f4 c5 23. Nf3 Be6 24. Ng5 Bxg5 25. fxg5 b5 26. Rhf1 Kg8 27. Rf6 Qe7 28. Qf2 Qe8 29. Be4 Ra7 30. Bd5 Re7 31. Bxe6 Rxe6 32. Rfxe6 fxe6 33. Qf6 Qf7 34. Rxe6 Qxf6 35. Rxf6 d5 36. Kc1 d4 37. Kd2 dxc3+ 38. Kxc3 b4+ 39. Kd3 bxa3 40. bxa3 c4+ 41. Kd4 c3 42. Ra6 Kf7 43. Rxa4 Rd8+ 44. Kxc3 Rd5 45. Ra7+ Ke6 46. Rxh7 Rxg5 47. Rb7 Rxg2 48. a4 Rh2 49. h7 Kd6 50. a5 Kc6 51. a6 Rh3+ 52. Kb4 g5 53. Rg7 1-0

[Event "45th FIDE Olympiad 2024"]
[Site "Budapest"]
[Date "2024.09.18"]
[Round "7.8"]
[White "Gledura, Benjamin"]
[Black "Laurusas, Tomas"]
[Result "1/2-1/2"]
[ECO "D31"]
[WhiteElo "2628"]
[BlackElo "2569"]
[Annotator "TA"]
[PlyCount "139"]
[EventDate "2024.09.05"]
[EventType "team-tourn"]
[EventCountry "HUN"]
[SourceTitle "playchess.com"]
[Source "ChessBase"]
[SourceQuality "1"]
[WhiteTeam "Hungary"]
[BlackTeam "Lithuania"]
[WhiteTeamCountry "HUN"]
[BlackTeamCountry "LTU"]
[TimeControl "40/5400+30:1800+30"]

1. c4 c6 2. d4 d5 3. Nf3 Nf6 4. Nc3 dxc4 5. a4 e6 6. e4 Bb4 7. Bxc4 Nxe4 8. O-O Nf6 9. Qe2 Nbd7 10. Rd1 Nb6 11. Bb3 Nbd5 12. Nxd5 Nxd5 13. Ne5 O-O 14. Bc2 f5 15. Rd3 Bd7 16. Rg3 Be7 17. Bd2 Bf6 18. Re1 Rc8 19. Bb3 Rc7 20. a5 Bc8 21. Rh3 Re8 22. Qh5 g6 23. Qh6 Rg7 24. Rg3 Rf8 25. Nf3 f4 26. Rh3 Be7 27. Re5 Bf6 28. Ng5 Bxe5 29. dxe5 Rf5 30. Nxh7 Rxe5 31. Bc2 Rh5 32. Rxh5 gxh5 33. Bg6 Qe7 34. Qxh5 c5 35. h4 Bd7 36. Ng5 Qf6 37. Bh7+ Kf8 38. Be4 Ke7 39. Nxe6 $2 (39. Qe2 $11 {and White is okay.} Qe5 40. Nf3) 39... Bxe6 $19 40. Bxd5 Bxd5 $2 (40... Bg4 $1 $19 41. Qh8 Bf3 (41... Qxb2 42. Bxf4 Qb1+ 43. Kh2 $14) 42. Qxg7+ Qxg7 43. Bxf3 Qxb2 44. Bxf4 c4) 41. Qxd5 $16 Qxb2 ({Better is} 41... Rf7) 42. Qxc5+ $16 (42. Bxf4 Qa1+ 43. Kh2 Qd4 44. Qxb7+ Ke6 45. Qc6+ Kf5 $16) 42... Kf7 43. Qc4+ (43. Bxf4 Qb1+ 44. Kh2 Qe4 $16) 43... Ke8 44. Qxf4 ({But not} 44. Bxf4 $6 Qa1+ 45. Kh2 Qxa5 $11) (44. Qc8+ $142 Ke7 45. Qc7+ (45. Bxf4 Qb1+ 46. Kh2 Qe4 $16) 45... Ke8 46. Qc8+ (46. Qxf4 Re7 $16) 46... Ke7 47. Bxf4) 44... Qb5 (44... Re7 $142) 45. Qb8+ $16 Kd7 46. Bf4 Qc6 {[%emt 0:03:10] [#]} (46... Rg6 $16 {was called for.} 47. Bg5 (47. Qxa7 Qd5 $16) 47... Qxa5) 47. Bg5 $1 $18 (47. Qxa7 $2 Qxg2#) 47... Rf7 48. Qxa7 Rf5 49. Qe3 Qd5 50. Qe7+ Kc6 51. Be3 Qd1+ (51... Re5 {was worth a try.} 52. Qf6+ Kb5) 52. Kh2 $18 Rxa5 53. Bf4 Qd5 54. Qe8+ Kb6 55. Qg6+ Kb5 56. h5 Ra4 57. Qe8+ Ka5 58. Bc7+ Kb4 59. h6 Ra6 60. Qe7+ Kb3 61. Qh4 ({Not} 61. Qe3+ Kc4 $16) 61... Qf7 62. Qh3+ Ka2 63. Be5 Qh7 64. Bg7 Rg6 65. Qh4 b5 ({Wrong is} 65... Rxg7 $2 66. Qa4+ Kb2 67. Qd4+ Kc2 68. Qxg7 $18) 66. g3 $2 (66. Bf8 $18 Qb7 67. g3) 66... Rxg7 $1 $11 67. hxg7 Qxg7 68. Qb4 Qe5 69. Kg1 Qd5 {[%emt 0:00:25] [#]} (69... Qe2 $1 $11) 70. Kh2 ({Only move:} 70. f4 $1 $16) 1/2-1/2